 Dungeon Crawl Stone Soup version 0.24-a0-271-ga0fc33f (webtiles) character file.

Game seed: 1664565832237693233

198 Hasart the Shield-Bearer (level 5, -1/33 HPs)
             Began as a Gargoyle Fighter on Apr 24, 2019.
             Slain by Grinder (3 damage)
             ... on level 3 of the Dungeon.
             The game lasted 00:02:59 (2063 turns).

Hasart the Shield-Bearer (Gargoyle Fighter)         Turns: 2063, Time: 00:02:59

Health: -1/33      AC: 12    Str: 20    XL:     5   Next: 77%
Magic:  5/5        EV:  7    Int:  9    God:
Gold:   124        SH:  9    Dex:  9    Spells: 4/4 levels left

rFire    . . .     SeeInvis .   a - +0 flail
rCold    . . .     Gourm    .   c - +0 shield
rNeg     + . .     Faith    .   b - +0 scale mail
rPois    ∞         Spirit   .   m - +0 helmet
rElec    +         Reflect  .   (no cloak)
rCorr    .         Harm     .   (no gloves)
MR       .....                  (no boots)
Stlth    ..........             (no amulet)
HPRegen  0.11/turn              (no ring)
MPRegen  0.09/turn              (no ring)

@: no status effects
A: negative energy resistance 1, electricity resistance, unbreathing,
petrification resistance, rot immunity, AC +4
a: no special abilities


You were on level 3 of the Dungeon.
You were not hungry.

You visited 1 branch of the dungeon, and saw 3 of its levels.

You collected 124 gold pieces.

Inventory:

Hand Weapons
 a - a +0 flail (weapon)
Armour
 b - a +0 scale mail (worn)
 c - a +0 shield (worn)
 m - a +0 helmet (worn)
Scrolls
 d - a scroll of enchant weapon {unknown}
 e - a scroll of teleportation {unknown}
 g - a scroll of blinking {unknown}
 h - a scroll of noise {unknown}
 j - a scroll of fear {unknown}
 k - a scroll of magic mapping {unknown}
 l - a scroll of enchant armour {unknown}
 q - 2 scrolls of amnesia {unknown}
 r - a scroll of immolation {unknown}
 s - a scroll of identify {unknown}
Potions
 i - a potion of experience {unknown}
 n - a potion of heal wounds {unknown}
 o - a potion of brilliance {unknown}
 t - 2 potions of mutation {unknown}
 u - a potion of berserk rage {unknown}
Comestibles
 f - 4 rations
 p - 13 chunks of flesh


   Skills:
 + Level 4.2 Fighting
 * Level 3.9 Maces & Flails
 + Level 4.2 Armour
 + Level 4.2 Shields


You had 4 spell levels left.
You didn't know any spells.
Your spell library was empty.

Dungeon Overview and Level Annotations

Branches:
Dungeon (3/15)

Altars:
Fedhas
Xom
Yredelemnul
Zin

Annotations:
D:3 Grinder, Jessica


Innate Abilities, Weirdness & Mutations

You are resistant to torment.
Your stone body is resilient. (AC +4)
You are immune to poison.
You resist negative energy. (rN+)
You are resistant to electric shocks. (rElec)
You can survive without breathing.
You are immune to petrification.
You are immune to rotting.


Message History

Grinder is almost dead.
Grinder barely misses you. The goblin hits you.
* * * LOW HITPOINT WARNING * * *
You block Grinder's attack.
You sock Grinder!
Grinder is almost dead.
The goblin barely misses you. You block Grinder's attack.
You block the goblin's attack.
Your shield and scale mail prevent you from hitting Grinder.
Grinder is almost dead.
Grinder closely misses you. You block the goblin's attack.
You closely miss Grinder.
Grinder is almost dead.
You block Grinder's attack. The goblin hits you but does no damage.
You barely miss Grinder.
Grinder is almost dead.
Grinder hits you.
* * * LOW HITPOINT WARNING * * *
You writhe in agony.
You die...

......(...######## #.#
.÷...........# #.#
#.#.....###..########.#
.)##..#.# #........##.#
...##...######..##.##.#
.....#..<.. ##.##.##.#
##.#.(......(##..#>##
....###### #....g...#
##......##.....#@.#$#
##.###.####.....5..#
###.....#####.##....#
...#......###. ##.....
...........##.# ##...#
.......)....#.### #....
..........<.....# ....
..........<##.... ...
...........# #..


You could see Grinder and a goblin.

Vanquished Creatures
  Purgy (D:3)
  Robin (D:1)
  3 adders
  2 dart slugs (D:1)
  2 giant cockroaches
  15 goblins
  11 hobgoblins
  3 jackals (D:1)
  5 kobolds
  7 bats
  4 frilled lizards
  3 rats (D:1)
57 creatures vanquished.

Notes
Turn   | Place    | Note
-------+----------+-------------------------------------------
     0 | D:1      | Hasart the Gargoyle Fighter began the quest for the Orb.
     0 | D:1      | Reached XP level 1. HP: 14/14 MP: 1/1
   378 | D:1      | Reached XP level 2. HP: 17/19 MP: 2/2
   916 | D:1      | Reached XP level 3. HP: 15/23 MP: 3/3
  1009 | D:2      | Noticed Robin
  1021 | D:1      | Killed Robin
  1204 | D:1      | Reached XP level 4. HP: 7/29 MP: 4/4
  1473 | D:2      | Found a glowing silver altar of Zin.
  1620 | D:2      | Found a basalt altar of Yredelemnul.
  1661 | D:2      | Found a shimmering altar of Xom.
  1729 | D:2      | Found a blossoming altar of Fedhas.
  1875 | D:3      | Noticed Purgy
  1884 | D:3      | Killed Purgy
  1884 | D:3      | Reached XP level 5. HP: 23/33 MP: 5/5
  2035 | D:3      | Noticed Jessica
  2036 | D:3      | Noticed Grinder
  2042 | D:3      | Paralysed by Grinder for 3 turns
  2049 | D:3      | Paralysed by Grinder for 2 turns
  2053 | D:3      | Paralysed by Grinder for 3 turns
  2063 | D:3      | Slain by Grinder

Levels and vault maps discovered:
D:1:      nicolae_arrival_somewhat_less_tricky_arrival, layout_loops_ring
D:2:      layout_rooms, nicolae_overflow_hidden_temple, zin_scriptorium,
          yredelemnul_altar_generic, fedhas_altar_4, uniq_robin
D:3:      layout_rooms, first_ration, uniq_jessica, uniq_grinder, uniq_purgy

Skill      XL: |  1  2  3  4 |
---------------+-------------+-----
Maces & Flails | 3 |  3.9
Fighting       | 4 |  4.2
Armour         | 4 |  4.2
Shields        | 4 |  4.2

Action                   |  1- 3 |  4- 6 || total
-------------------------+-------+-------++-------
Melee: Flail             |   158 |   104 ||   262
  Use: Potion            |       |     1 ||     1
  Eat: Chunk             |     1 |     3 ||     4
Armor: Scale mail        |   123 |    68 ||   191
Dodge: Dodged            |    48 |    27 ||    75
Block: Shield            |   114 |    82 ||   196

Table legend:
 A = Non-vault XP
 B = Vault XP
 C = Vault XP percentage of total XP
 D = Non-vault monster count
 E = Vault monster count
 F = Vault count percentage of total count
                 A         B        C        D         E       F
            +---------+---------+-------+---------+---------+-------
      Total |     108 |     176 |  62.0 |      43 |      14 |  24.6
            +---------+---------+-------+---------+---------+-------
        D:1 |      45 |      24 |  34.8 |      18 |       5 |  21.7
        D:2 |      34 |      16 |  32.0 |      14 |       8 |  36.4
        D:3 |      29 |     136 |  82.4 |      11 |       1 |   8.3
            +---------+---------+-------+---------+---------+-------
